AoeStats
← Talan

Arabia

508732821Analyzed
1v1 RM · 9d ago on Sep 23, 2026· 33m 1s· 2 players
Game mode
Random Map
Map size
Tiny (2 player)
Population
200
Speed
Normal
Resources
Standard
Victory
Conquest
Starting age
Dark Age
Ending age
Imperial Age
RankedLock teamsTeams togetherTeam positionsShared explorationLock speedFull tech treeHidden civsTurbo modeCheats
Victory
Defeat
🇫🇷 Danes · France
1019
+14
🇨🇱 Cumans · Chile
978
-14
rooklyne42
9:02 Feudal Age
9:50 Double-Bit Axe
9:48 Horse Collar
11:29 Loom
11:11 Man-at-Arms
19:01 Arson
19:29 Forging
19:19 Scale Mail Armor
23:34 Castle Age
23:42 Gold Mining
24:33 Squires
24:18 Gambesons
24:10 Pikeman
25:10 Chain Mail Armor
25:31 Iron Casting
26:57 Heavy Plow
Talan
3:19 Loom
10:21 Feudal Age
11:17 Double-Bit Axe
11:13 Horse Collar
19:16 Castle Age
18:50 Forging
19:17 Gold Mining
21:40 Scale Barding Armor
23:17 Fletching
24:27 Wheelbarrow
24:07 Bow Saw
24:22 Bloodlines
24:19 Town Watch
25:07 Padded Archer Armor
24:45 Light Cavalry
26:00 Heavy Plow
26:45 Bodkin Arrow
28:36 Hand Cart
31:40 Light Cavalry
Connection lost

Rejoining the realm…

Still unreachable

The connection could not be restored.

Session expired

The server has moved on; the page needs a fresh start.